 Dungeon Crawl Stone Soup version 0.18.1-48-g4cf74bf (webtiles) character file.

2289 raph the Carver (level 9, 0/59 HPs)
             Began as a High Elf Warper on July 9, 2016.
             Was a Priest of Okawaru.
             Slain by PeterLawrence's ghost (12 damage)
             ... on level 6 of the Dungeon.
             The game lasted 00:24:26 (8171 turns).

raph the Carver (High Elf Warper)                   Turns: 8171, Time: 00:24:27

Health: 0/59       AC:  9    Str: 11    XL:     9   Next: 17%
Magic:  0/22       EV: 14    Int: 18    God:    Okawaru [***...]
Gold:   440        SH:  4    Dex: 17    Spells: 5 memorised, 1 level left

rFire  . . .     SeeInvis .     a - +1 falchion
rCold  . . .     Gourm    .     b - +0 leather armour
rNeg   . . .     Faith    .     q - +0 buckler
rPois  .         Spirit   +     (no helmet)
rElec  .         Dismiss  .     u - +2 cloak {MR+}
rCorr  +         Reflect  .     (no gloves)
SustAt .         Harm     .     g - +2 pair of boots
MR     +....                    j - amulet of guardian spirit
Stlth  +.........               y - ring of magical power
                                o - ring of resist corrosion

@: somewhat resistant to hostile enchantments, very unstealthy
A: no striking features
a: Heroism, Renounce Religion


You were on level 6 of the Dungeon.
You worshipped Okawaru.
Okawaru was most pleased with you.
You were hungry.

You visited 1 branch of the dungeon, and saw 7 of its levels.
You also visited: Sewer.

You collected 440 gold pieces.

Inventory:

Hand Weapons
 a - a +1 falchion (weapon)
Missiles
 e - 2 tomahawks of dispersal
 h - 6 javelins
 A - a tomahawk (quivered)
Armour
 b - a +0 leather armour (worn)
 g - a +2 pair of boots (worn)
 q - a +0 buckler (worn)
 u - a +2 cloak of magic resistance (worn)
Magical Staves
 J - an uncursed staff of air {unknown}
Jewellery
 j - an amulet of guardian spirit (around neck)
 n - an uncursed amulet of regeneration
 o - a ring of resist corrosion (left hand)
 y - a ring of magical power (right hand)
 F - an uncursed amulet of magic regeneration
Wands
 r - a wand of digging (1/24)
 G - a wand of flame (25/48)
 I - a wand of paralysis (11/24)
Scrolls
 d - a scroll of blinking
 i - 3 scrolls of teleportation
 t - 2 scrolls of amnesia
 v - a scroll of recharging
 w - a scroll of magic mapping
Potions
 k - a potion of agility
 m - a potion of haste
 p - 7 potions of curing
 x - 3 potions of heal wounds
 z - 4 potions of flight
 B - 2 potions of resistance {unknown}
 D - 5 potions of brilliance {unknown}
 E - a potion of might {unknown}
Books
 c - a book of Spatial Translocations

   Spells                             Type                      Level
   a - Apportation                    Translocation                1
   b - Blink                          Translocation                2
   c - Shroud of Golubria             Charms/Translocation         2
   d - Portal Projectile              Translocation                3
   e - Teleport Other                 Translocation                3
   f - Passage of Golubria            Translocation                4
 H - a book of Envenomations

   Spells                             Type                      Level
   a - Spider Form                    Transmutation/Poison         3
   b - Olgreb's Toxic Radiance        Poison                       4
   c - Alistair's Intoxication        Transmutation/Poison         5
   d - Poisonous Cloud                Conjuration/Poison/Air       6
Comestibles
 f - 5 bread rations
 C - 3 meat rations
 K - a beef jerky


   Skills:
 + Level 4.5 Fighting
 * Level 10.0 Long Blades
 - Level 1.2 Throwing
 - Level 3.0 Armour
 + Level 5.2 Dodging
 + Level 0.0 Shields
 - Level 2.4 Spellcasting
 + Level 4.7 Charms
 + Level 5.7 Translocations
 + Level 0.0 Invocations


You had one spell level left.
You knew the following spells:

 Your Spells              Type           Power        Failure   Level  Hunger
a - Apportation           Tloc           ###.......   4%          1    #......
b - Blink                 Tloc           N/A          8%          2    ##.....
c - Shroud of Golubria    Chrm/Tloc      ###.......   10%         2    ##.....
d - Teleport Other        Tloc           ###.....     14%         3    ###....
e - Portal Projectile     Tloc           ###...       14%         3    ###....


Dungeon Overview and Level Annotations

Branches:
Dungeon (7/15)
 Temple: D:4-7

Altars:
Ashenzari
Elyvilon
Nemelex Xobeh
Okawaru
Pakellas
Trog
Xom
Zin

Annotations:
D:4 raph's ghost, amateur MiFi
D:6 PeterLawrence's ghost, novice MiFi
D:7 asdu's ghost, novice HEFE


Message History

PeterLawrence's ghost is almost destroyed.
PeterLawrence's ghost hits you.
* * * LOW HITPOINT WARNING * * *
Evoke which item? (* to show all) (? for menu, Esc to quit)
Zapping:
G - a wand of flame (will waste charges)
Press: ? - help, Shift-Dir - straight line, f/p - PeterLawrence's ghost
Aim: PeterLawrence's ghost (almost destroyed)
The puff of flame misses PeterLawrence's ghost.
Evoking this partially-identified wand wasted a few charges.
PeterLawrence's ghost hits you!
* * * LOW HITPOINT WARNING * * *
You hit PeterLawrence's ghost but do no damage.
PeterLawrence's ghost is almost destroyed.
Casting: Shroud of Golubria
Confirm with . or Enter, or press ? or * to list all spells.
You don't have enough magic to cast that spell.
You hit PeterLawrence's ghost but do no damage.
PeterLawrence's ghost is almost destroyed.
PeterLawrence's ghost hits you!
You die...

#...####.#.#.#
#..........#
#...# #.#.#.#
########...#
#...####.#.#.#
#...#
##..(.........#
##..#
###.......#.#.###
#..#
....##'##(....#
#...
W<..#...#.....#
##.. ....#
#..(..#########
#.# ..#.#
#.#.#..W@....<#
#.# .?#.#
#.###########.#
#.# .##.# #.# #.#
##.# .##.#####.#
#.## #...
.##...5...# #..#
#... .####.#####
##.# #... ## #.#
#.# ##.# #.# #.#
#.# #.# #.# #.#


You could see PeterLawrence's ghost.

Vanquished Creatures
  Pikel (D:5)
  Grinder (D:5)
  Sigmund (D:5)
  2 ice beasts
  3 slaves
  An ogre (D:7)
  A phantom (D:4)
  2 centaurs (D:7)
  A big kobold (Sewer)
  A gnoll sergeant (D:7)
  A scorpion (D:5)
  A howler monkey (D:4)
  2 crimson imps (D:7)
  A jelly (D:5)
  A hound (D:4)
  3 orc wizards
  A giant frog skeleton (D:7)
  An iguana (D:7)
  5 worker ants
  A hound zombie (D:6)
  8 gnolls
  12 adders
  5 river rats (Sewer)
  3 oozes
  2 worms
  4 dart slugs
  9 orcs
  4 ball pythons
  3 giant cockroaches
  6 goblins
  6 hobgoblins
  5 jackals
  20 kobolds
  4 quokkas
  8 bats
  5 giant newts
  A quokka skeleton (D:4)
  25 rats
161 creatures vanquished.

Notes
Turn   | Place    | Note
--------------------------------------------------------------
     0 | D:1      | raph the High Elf Warper began the quest for the Orb.
     0 | D:1      | Reached XP level 1. HP: 14/14 MP: 4/4
    42 | D:1      | Reached skill level 1 in Armour
   287 | D:1      | Reached XP level 2. HP: 14/19 MP: 6/6
   483 | D:1      | Learned a level 2 spell: Blink
   486 | D:1      | Learned a level 2 spell: Shroud of Golubria
   817 | D:1      | Reached skill level 3 in Long Blades
   894 | D:1      | Reached XP level 3. HP: 22/24 MP: 4/7
  1177 | D:2      | Found an iron altar of Okawaru.
  1182 | D:2      | Became a worshipper of Warmaster Okawaru
  1577 | D:2      | Found a bloodstained altar of Trog.
  1594 | D:2      | Reached skill level 4 in Long Blades
  1594 | D:2      | Reached XP level 4. HP: 28/29 MP: 8/8
  1602 | D:2      | Found a sparkling altar of Nemelex Xobeh.
  1877 | D:2      | Found an oddly glowing altar of Pakellas.
  2312 | D:3      | Reached skill level 5 in Long Blades
  2515 | D:3      | Found a glowing drain.
  2522 | Sewer    | Entered a sewer
  2774 | Sewer    | Reached XP level 5. HP: 27/34 MP: 9/9
  3201 | Sewer    | Reached skill level 6 in Long Blades
  3437 | Sewer    | Reached skill level 7 in Long Blades
  3437 | Sewer    | Reached XP level 6. HP: 3/39 MP: 8/10
  3740 | Sewer    | Reached * piety under Okawaru
  4096 | D:3      | Found a sparkling altar of Nemelex Xobeh.
  4429 | D:4      | Learned a level 3 spell: Teleport Other
  4835 | D:4      | Noticed raph's ghost (amateur MiFi)
  4838 | D:4      | Reached skill level 1 in Charms
  5034 | D:4      | Reached XP level 7. HP: 37/45 MP: 5/11
  5358 | D:5      | Entered Level 5 of the Dungeon
  5358 | D:5      | Noticed Sigmund
  5390 | D:5      | Killed Sigmund
  5390 | D:5      | Reached skill level 8 in Long Blades
  5599 | D:5      | Reached ** piety under Okawaru
  6045 | D:5      | Noticed Pikel
  6158 | D:5      | Noticed Grinder
  6159 | D:5      | Paralysed by Grinder for 7 turns
  6184 | D:5      | Killed Grinder
  6184 | D:5      | Reached XP level 8. HP: 49/53 MP: 12/12
  6342 | D:5      | Found a white marble altar of Elyvilon.
  6486 | D:5      | Learned a level 3 spell: Portal Projectile
  6606 | D:5      | Killed Pikel
  6606 | D:5      | Reached *** piety under Okawaru
  6606 | D:5      | Reached skill level 9 in Long Blades
  6606 | D:5      | Reached skill level 5 in Translocations
  6834 | D:6      | Noticed PeterLawrence's ghost (novice MiFi)
  6948 | D:6      | Found a shattered altar of Ashenzari.
  7004 | D:6      | Noticed an angel
  7005 | D:6      | Found a shimmering altar of Xom.
  7006 | D:6      | Found a glowing silver altar of Zin.
  7305 | D:7      | Reached skill level 5 in Dodging
  7413 | D:7      | Reached XP level 9. HP: 25/58 MP: 9/13
  7696 | D:7      | Reached **** piety under Okawaru
  7696 | D:7      | Reached skill level 10 in Long Blades
  7860 | D:7      | Noticed asdu's ghost (novice HEFE)
  8171 | D:6      | Slain by PeterLawrence's ghost

Skill      XL: |  1  2  3  4  5  6  7  8  9 |
---------------+----------------------------+-----
Armour         | 1 2 3 |  3.0
Long Blades    | 3 4 5 7 8 9 10 | 10.0
Dodging        | 3 4 5 |  5.2
Charms         | 1 3 4 |  4.7
Fighting       | 3 4 |  4.5
Translocations | 4 5 |  5.7
Throwing       | |  1.2
Spellcasting   | |  2.4

Action                   |  1- 3 |  4- 6 |  7- 9 || total
-------------------------+-------+-------+-------++-------
Melee: Falchion          |   138 |   340 |   536 ||  1014
       Punch             |       |       |     2 ||     2
Throw: Javelin           |       |     4 |     1 ||     5
       Tomahawk          |       |     2 |    12 ||    14
 Cast: Apportation       |     1 |       |       ||     1
       Shroud of Golubri |     7 |    30 |    48 ||    85
       Blink             |     1 |     3 |       ||     4
       Teleport Other    |       |       |     3 ||     3
Invok: Heroism           |       |     1 |     5 ||     6
Evoke: Wand              |       |       |     1 ||     1
  Use: Scroll            |       |    11 |     9 ||    20
       Potion            |       |     1 |     1 ||     2
 Stab: Distracted        |     1 |       |     1 ||     2
       Sleeping          |       |     1 |       ||     1
  Eat: Chunk             |     3 |    10 |    13 ||    26
       Beef jerky        |       |     2 |     1 ||     3
Armor: Leather armour    |    44 |   149 |   133 ||   326
Dodge: Dodged            |    96 |   262 |   268 ||   626
Block: Buckler           |       |       |     8 ||     8
